AoeStats
← IsraDguez

Arabia

510187634Analyzed
1v1 RM · 3d ago on Sep 29, 2026· 17m 47s· 2 players
Game mode
Random Map
Map size
Tiny (2 player)
Population
200
Speed
Normal
Resources
Standard
Victory
Conquest
Starting age
Dark Age
Ending age
Imperial Age
RankedLock teamsTeams togetherTeam positionsShared explorationLock speedFull tech treeHidden civsTurbo modeCheats
Victory
Defeat
🇲🇽 Maya · Mexico
865
+16
🇳🇱 Varangians · Netherlands
862
-16
Frostu4055
8:05 Loom
11:12 Feudal Age
11:39 Man-at-Arms
12:17 Double-Bit Axe
13:49 Arson
IsraDguez
0:30 Loom
9:41 Feudal Age
12:38 Scale Mail Armor
12:51 Forging
14:04 Fletching
Connection lost

Rejoining the realm…

Still unreachable

The connection could not be restored.

Session expired

The server has moved on; the page needs a fresh start.